 Dungeon Crawl Stone Soup version 0.19-a0-1714-gcab94ab (webtiles) character file.

3677 st0uf the Fighter (level 9, 4/75 HPs)
             Began as a Demonspawn Fighter on Sept 28, 2016.
             Was a Priest of Okawaru.
             Quit the game on level 8 of the Dungeon.
             The game lasted 00:39:50 (9498 turns).

st0uf the Fighter (Demonspawn Fighter)              Turns: 9498, Time: 00:39:51

Health: 4/75       AC: 29    Str: 17    XL:     9   Next: 89%
Magic:  8/9        EV:  7    Int: 10    God:    Okawaru [***...]
Gold:   418        SH:  0    Dex: 15    Spells: 0 memorised, 8 levels left

rFire  . . .     SeeInvis .     a - +0 long sword
rCold  . . .     Gourm    .     y - +0 plate armour (curse)
rNeg   . . .     Faith    .     (no shield)
rPois  .         Spirit   .     N - +0 helmet (curse)
rElec  .         Dismiss  .     B - +2 cloak
rCorr  .         Reflect  .     j - +0 pair of gloves
MR     .....     Harm     .     O - +0 pair of boots
Stlth  ..........               (no amulet)
                                (no ring)
                                (no ring)

@: sanguine armour, drained
A: demonic guardian 2, nightstalker 2, sanguine armour 2
a: Heroism, Renounce Religion


You were on level 8 of the Dungeon.
You worshipped Okawaru.
Okawaru was most pleased with you.
You were hungry.

You visited 2 branches of the dungeon, and saw 9 of its levels.
You also visited: Sewer.

You collected 418 gold pieces.

Inventory:

Hand Weapons
 a - a +0 long sword (weapon)
Armour
 c - a +0 shield
 j - a +0 pair of gloves (worn)
 y - a cursed +0 plate armour (worn)
 B - a +2 cloak (worn)
 H - a +2 chain mail of poison resistance
 N - a cursed +0 helmet (worn)
 O - a +0 pair of boots (worn)
Wands
 h - a wand of enslavement (10/24)
 k - a wand of disintegration (9/24)
 r - a wand of iceblast (11/15)
 L - a wand of iceblast (7/15)
Scrolls
 e - 2 scrolls of fog
 g - 2 scrolls of blinking
 l - a scroll of fear {unknown}
 m - 3 scrolls of recharging
 o - 3 scrolls of teleportation
 p - 6 scrolls of identify {unknown}
 w - a scroll of random uselessness {unknown}
 x - 2 scrolls of immolation {unknown}
 A - 2 scrolls of noise {unknown}
 C - 2 scrolls of enchant weapon {unknown}
 J - 3 scrolls of brand weapon {unknown}
 K - a scroll of remove curse
Potions
 d - 5 potions of might
 i - 3 potions of agility {unknown}
 n - 4 potions of flight {unknown}
 q - 4 potions of curing
 s - a potion of degeneration {unknown}
 t - 4 potions of heal wounds {unknown}
 v - a potion of resistance {unknown}
 z - a potion of mutation {unknown}
 E - a potion of ambrosia {unknown}
 I - a potion of cure mutation {unknown}
 M - a potion of lignification {unknown}
Comestibles
 b - 4 beef jerkies
 f - 10 bread rations
 u - 3 meat rations
 D - a chunk of flesh
 F - 3 fruits
 G - 8 slices of pizza


   Skills:
 * Level 8.4(7.9) Fighting
 * Level 7.2(6.6) Long Blades
 + Level 5.6(5.1) Armour
 + Level 4.4(3.9) Dodging
 + Level 5.5(4.9) Shields
 + Level 0.0 Invocations


You had 8 spell levels left.
You didn't know any spells.

Dungeon Overview and Level Annotations

Branches:
Dungeon (8/15)             Temple (1/1) D:5
   Lair: D:8-11

Altars:
Ashenzari
Cheibriados
Dithmenos
Elyvilon
Fedhas
Gozag
Hepliaklqana
Kikubaaqudgha
Makhleb
Okawaru
Qazlal
Ru
Trog
Uskayaw
Vehumet
Xom
Yredelemnul
Zin
The Shining One


Innate Abilities, Weirdness & Mutations

A demonic guardian rushes to your aid.
You are significantly more attuned to the shadows.
When seriously injured, your bleeding wounds create thick armour. (AC +9)


Message History

The deep elf mage is severely wounded.
The wight barely misses you.
You riposte.
You hit the wight but do no damage.
The deep elf mage hits you but does no damage.
You closely miss the deep elf mage.
The deep elf mage is severely wounded.
The wight hits you but does no damage.
The deep elf mage hits you but does no damage.
Unknown command.
You slash the deep elf mage!
The deep elf mage is almost dead.
The deep elf mage mumbles some strange words.
The deep elf mage blinks!
You closely miss the wight.
The wight hits you with an enchanted flail!
* * * LOW HITPOINT WARNING * * *
You feel drained.
* * * LOW HITPOINT WARNING * * *
Unknown command.
Okay, then.
Are you sure you want to abandon this character and quit the game? (Confirm with "yes".)

.#.......#.#.#.#.#.#.#
#.#'#'#.#.#.#.#.#.#.##
.#.#.#.#.#.#.#.#.#.#.#
#.#.#.#.#.#.#.#.#.#.##
[#.#.#.#.#.#.#.#.#.#.#
#.#.#.#.#.#.#.#)#.#.##
.## ##.#.##.#......# .
......(.((###
.#####z@...#
##...ZW..e..#
.....z####.?.#
.........##..#
..###.....#..#
#...##..#..


You could see a deep elf mage, a hungry ghost, 2 wights and a leopard gecko
skeleton.

Vanquished Creatures
  A yak (D:7)
  Eustachio (D:5)
  A hog (D:7)
  A human (D:7)
  Edmund (D:5)
  A water moccasin (D:7)
  3 ice beasts
  A black bear (D:8)
  An orc warrior (D:6)
  An ogre (D:3)
  A phantom (D:7)
  A centaur (D:8)
  2 big kobolds
  A bullfrog (D:6)
  3 scorpions
  2 wights (D:8)
  2 crimson imps
  A bullfrog skeleton (D:6)
  4 orc priests
  4 hounds
  Crazy Yiuf (D:3)
  12 orc wizards
  An iguana (D:7)
  Terence (D:3)
  Natasha (thrice) (D:3)
  5 worker ants
  A hound zombie (D:7)
  A worker ant zombie (D:7)
  7 gnolls
  5 adders
  2 oozes
  An adder skeleton (D:7)
  An adder zombie (D:6)
  2 worms
  3 dart slugs
  3 leopard geckos
  49 orcs
  5 bats
  9 giant cockroaches
  7 goblins
  5 hobgoblins
  17 jackals
  6 quokkas
  9 ball pythons
  7 frilled lizards
  28 kobolds
  A leopard gecko skeleton (D:7)
  A quokka skeleton (D:4)
  10 rats
236 creatures vanquished.

Vanquished Creatures (collateral kills)
  Grinder (D:5)
  The ghost of Shenda the Slasher, an amateur VSFi (D:4)
  A yak (D:7)
  A hog (D:7)
  An ogre (D:7)
  A centaur (D:7)
  A big kobold (D:7)
  4 orc wizards
  An orc priest (D:4)
  3 adders (D:4)
  A dart slug (D:4)
  5 orcs
  A bat (D:3)
  A giant cockroach (D:4)
  A goblin (D:3)
  2 kobolds
26 creatures vanquished.

Grand Total: 262 creatures vanquished

Notes
Turn   | Place    | Note
-------+----------+-------------------------------------------
     0 | D:1      | st0uf the Demonspawn Fighter began the quest for the Orb.
     0 | D:1      | Reached XP level 1. HP: 18/18 MP: 1/1
   199 | D:2      | Gained mutation: When seriously injured, your bleeding wounds create armour. (AC +9) [demonic ancestry]
   199 | D:2      | Reached XP level 2. HP: 22/24 MP: 2/2
   860 | D:2      | Gained mutation: A weak demonic guardian rushes to your aid. [demonic ancestry]
   860 | D:2      | Reached XP level 3. HP: 21/29 MP: 3/3
  1141 | D:3      | Noticed Terence
  1150 | D:3      | Killed Terence
  1150 | D:3      | Reached XP level 4. HP: 27/37 MP: 4/4
  1189 | D:3      | Noticed Natasha
  1196 | D:3      | Killed Natasha
  1196 | D:3      | Reached skill level 4 in Fighting
  1196 | D:3      | Reached skill level 1 in Dodging
  1583 | D:4      | Gained mutation: When seriously injured, your bleeding wounds create thick armour. (AC +9) [demonic ancestry]
  1583 | D:4      | Reached XP level 5. HP: 5/42 MP: 5/5
  1587 | D:4      | Noticed Shenda's ghost (amateur VSFi)
  1643 | D:4      | Killed Shenda's ghost
  1777 | D:4      | Found a glowing drain.
  1820 | D:4      | Gained mutation: You are slightly more attuned to the shadows. [demonic ancestry]
  1820 | D:4      | Reached XP level 6. HP: 39/49 MP: 6/6
  1855 | Sewer    | Entered a sewer
  2237 | D:5      | Entered Level 5 of the Dungeon
  2287 | D:5      | Noticed Grinder
  2295 | D:5      | Paralysed by Grinder for 6 turns
  2303 | D:5      | Killed Grinder
  2303 | D:5      | Reached skill level 5 in Fighting
  2383 | D:5      | Found a staircase to the Ecumenical Temple.
  2392 | Temple   | Entered the Ecumenical Temple
  2473 | Temple   | Became a worshipper of Warmaster Okawaru
  2582 | D:3      | Gained mutation: You are significantly more attuned to the shadows. [demonic ancestry]
  2582 | D:3      | Reached XP level 7. HP: 56/56 MP: 7/7
  3789 | D:3      | Found an opulent altar of Gozag.
  3999 | D:3      | Noticed Natasha
  4009 | D:3      | Killed Natasha
  4215 | D:3      | Found a runed door.
  4219 | D:3      | Noticed Crazy Yiuf
  4229 | D:3      | Killed Crazy Yiuf
  4556 | D:3      | Noticed Natasha
  4563 | D:3      | Killed Natasha
  4850 | D:4      | Reached skill level 6 in Fighting
  5609 | D:5      | Noticed Eustachio
  5610 | D:5      | Found a glowing silver altar of Zin.
  5610 | D:5      | Found a glowing golden altar of the Shining One.
  5610 | D:5      | Found a burning altar of Makhleb.
  5639 | D:5      | Killed Eustachio
  5639 | D:5      | Reached skill level 5 in Long Blades
  5639 | D:5      | Reached XP level 8. HP: 57/64 MP: 8/8
  5650 | D:5      | Reached * piety under Okawaru
  5758 | D:5      | Noticed Edmund
  5794 | D:5      | Killed Edmund
  6800 | D:6      | Reached skill level 7 in Fighting
  6940 | D:6      | Reached ** piety under Okawaru
  7592 | D:7      | Gained mutation: A demonic guardian rushes to your aid. [demonic ancestry]
  7592 | D:7      | Reached XP level 9. HP: 72/72 MP: 9/9
  7910 | D:7      | Reached skill level 5 in Armour
  8159 | D:7      | Reached skill level 5 in Shields
  8566 | D:7      | Reached *** piety under Okawaru
  8566 | D:7      | Reached skill level 8 in Fighting
  9330 | D:8      | Noticed a hand axe
  9331 | D:8      | Noticed a hand axe
  9373 | D:8      | Found a hide-covered altar of Uskayaw.
  9473 | D:8      | Noticed a deep elf mage
  9498 | D:8      | Quit the game

Vault maps used:
D:1:      minmay_arrival_nine_rooms, dk_noncrumbling_4
D:2:      minmay_kobold_bridge, first_bread
D:3:      nicolae_gozag_seed_capital, kennysheep_cluttered_room,
          minmay_misc_feat_hallway, uniq_terence, uniq_natasha,
          uniq_crazy_yiuf_cottage
D:4:      gup_sewer_entry_glass
D:5:      gammafunk_temple_overflow_claw, minmay_stone_trees_medium,
          hangedman_decor_diamond_cutter, uniq_eustachio, uniq_grinder,
          uniq_edmund
D:7:      grunt_livestock
D:8:      minmay_goldmine, dancing_weapons_uskayaw, minmay_radiant
Temple:   eino_temple_rhombus
Sewer:    kennysheep_pipe_town

Skill      XL: |  1  2  3  4  5  6  7  8  9 |
---------------+----------------------------+-----
Long Blades    | 2 3 5 6 7 |  7.2
Shields        | 3 4 5 |  5.5
Fighting       | 4 5 6 7 8 |  8.4
Dodging        | 1 2 3 4 |  4.4
Armour         | 3 4 5 |  5.6

Action                   |  1- 3 |  4- 6 |  7- 9 || total
-------------------------+-------+-------+-------++-------
Melee: Long sword        |   127 |   166 |   855 ||  1148
       Punch             |       |       |     1 ||     1
Invok: Heroism           |       |       |     5 ||     5
  Use: Potion            |       |     1 |       ||     1
       Scroll            |       |       |     6 ||     6
 Stab: Sleeping          |       |       |     5 ||     5
       Distracted        |       |       |     2 ||     2
  Eat: Chunk             |     1 |     5 |    23 ||    29
Armor: Scale mail        |    64 |    71 |   117 ||   252
       Plate armour      |       |       |   483 ||   483
Dodge: Dodged            |    63 |    93 |   348 ||   504
